Map: Ulrena

Players

Sync - Winner!

  • Race: Terran Terran
  • League: Master

MCanning

  • Race: Protoss Protoss
  • League: Grandmaster

VOD

http://www.twitch.tv/mcanning/v/30690643

Description

Time

  • Played on: Dec. 19, 2015, 4:37 a.m.
  • Length: 6:28
Show
View Real Time Build Order
Export as new Build Order

Sync Terran - Winner!

Build Orders: Liberator Opening 

Get SALT Encoding   

  12  0:01  SCV  
  13  0:13  SCV  
  14  0:18  Supply Depot  
  14  0:25  SCV  
  15  0:39  SCV  
  15  0:41  Barracks  
  16  0:45  Refinery  
  16  0:51  SCV  
  17  1:03  SCV  
  18  1:16  SCV  
  19  1:28  Orbital Command  
  19  1:32  Barracks Reactor  
  19  1:46  Command Center  
  19  1:51  Supply Depot  
  19  1:54  SCV  
  20  2:06  SCV  
  21  2:09  Marine x2  
  23  2:18  SCV  
  24  2:23  Factory  
  24  2:24  Refinery  
  24  2:31  Marine x2  
  24  2:33  SCV  
  27  2:45  SCV  
  27  2:48  Marine  
  27  2:49  Marine  
  30  2:57  Orbital Command  
  30  2:59  SCV  
  31  3:07  Factory Tech Lab, Starport  
  31  3:08  Marine x2  
  31  3:11  SCV  
  34  3:23  SCV  
  35  3:31  Marine x2  
  35  3:32  SCV  
  38  3:46  SCV  
  39  3:48  Marine  
  39  3:49  Liberator  
  39  3:50  Siege Tank  
  39  3:51  SCV  
  45  3:58  SCV  
  46  4:04  Supply Depot  
  46  4:06  SCV  
  46  4:09  Barracks  
  50  4:11  SCV, Barracks  
  50  4:12  Refinery  
  50  4:14  Marine x2  
  52  4:18  SCV  
  52  4:23  SCV  
  54  4:26  Siege Tank  
  54  4:28  Supply Depot  
  54  4:30  SCV  
  58  4:32  Liberator  
  58  4:33  Marine x2  
  58  4:37  SCV  
  61  4:43  SCV  
  62  4:47  Supply Depot  
  62  4:51  Marine x2  
  67  4:58  SCV  
  68  5:02  Marine  
  68  5:03  Marine  
  70  5:09  Siege Tank, Marine x2  
  75  5:20  Marine  
  76  5:35  Marine x2  
  77  5:41  Siege Tank  
  77  5:45  Marine x2  
  79  5:53  Marine  
  79  5:54  Marine  
  81  6:02  Marine  
  81  6:03  Marine  
Show
View Real Time Build Order
Export as new Build Order

MCanning Protoss 

Build Orders: 1 Gate Expand 

Get SALT Encoding   

  12  0:01  Probe (Chrono Boost)  
  13  0:11  Probe (Chrono Boost)  
  14  0:19  Pylon  
  14  0:22  Probe (Chrono Boost)  
  15  0:38  Probe (Chrono Boost)  
  15  0:40  Gateway  
  16  0:48  Probe (Chrono Boost)  
  17  0:52  Assimilator  
  17  0:59  Probe (Chrono Boost)  
  18  1:09  Probe (Chrono Boost)  
  19  1:22  Nexus  
  19  1:30  Probe (Chrono Boost)  
  19  1:32  Assimilator  
  20  1:43  Cybernetics Core  
  20  1:46  Probe (Chrono Boost)  
  21  2:01  Probe (Chrono Boost)  
  21  2:02  Pylon  
  22  2:12  Probe (Chrono Boost)  
  23  2:21  Adept (Chrono Boost)  
  27  2:23  Mothership Core (Chrono Boost)  
  27  2:36  Warp Gate  
  27  2:38  Pylon  
  27  2:41  Probe  
  27  2:53  Probe x2  
  29  3:01  Robotics Facility  
  31  3:06  Sentry (Chrono Boost), Pylon  
  31  3:16  Probe  
  32  3:23  Gateway  
  32  3:28  Gateway  
  32  3:29  Probe  
  33  3:37  Pylon  
  33  3:40  Probe (Chrono Boost)  
  33  3:41  Probe (Chrono Boost)  
  33  3:49  Observer (Chrono Boost)  
  33  3:52  Probe (Chrono Boost)  
  33  3:54  Probe (Chrono Boost)  
  36  4:03  Twilight Council, Probe (Chrono Boost)  
  36  4:05  Probe (Chrono Boost)  
  38  4:10  Observer (Chrono Boost)  
  38  4:14  Probe (Chrono Boost)  
  38  4:16  Probe (Chrono Boost)  
  41  4:24  Probe (Chrono Boost)  
  41  4:28  Twilight Council  
  41  4:30  Probe  
  41  4:31  Pylon  
  48  4:38  Probe  
  44  4:45  Assimilator  
  44  4:46  Probe  
  44  4:47  Assimilator  
  45  4:53  Gateway  
  45  4:54  Gateway  
  45  4:55  Forge  
  45  4:56  Probe  
  46  5:01  Immortal (Chrono Boost)  
  46  5:05  Stalker  
  46  5:06  Stalker  
  54  5:12  Stalker  
  56  5:25  Probe  
  57  5:29  Pylon  
  57  5:30  Pylon  
  57  5:33  Stalker x2  
  53  5:44  Adept  
  53  5:48  Warp Prism  
  55  5:50  Gateway  
  55  5:51  Gateway  
  55  5:54  Stalker  
  55  5:55  Stalker  
  61  6:03  Pylon  
  57  6:17  Stalker x2  
  57  6:23  Adept x2  
Tags
 
Add a new tag
Caveats
  • Supply blocks, unpowered buildings, or Contaminate may cause inaccurate times.
  • Supply counts are checked every 10 seconds.